 Dungeon Crawl Stone Soup version 0.29.1-2-gbd0b4ee654 (webtiles) character file.

Game seed: 32175700928627881

933 styxcanada the Covert (level 7, -6/35 HPs)
             Began as a Spriggan Brigand on Oct 30, 2022.
             Killed from afar by a white imp (13 damage)
             ... with a puff of frost
             ... on level 6 of the Dungeon.
             The game lasted 00:23:56 (6494 turns).

styxcanada the Covert (Spriggan Brigand)            Turns: 6494, Time: 00:23:57

Health: -6/35      AC:  4    Str:  7    XL:     7   Next: 86%
Magic:  11/11      EV: 19    Int: 12    God:
Gold:   267        SH:  0    Dex: 19    Spells: 8/11 levels left

rFire   . . .      SeeInvis +   m - +1 short sword (elec)
rCold   . . .      Faith    .   (no shield)
rNeg    + . .      Spirit   .   b - +1 robe
rPois   .          Reflect  .   (helmet restricted)
rElec   .          Harm     .   c - +0 cloak
rCorr   .          Rampage  .   (gloves unavailable)
Will    +....                   (boots unavailable)
Stlth   +++++.....              (no amulet)
HPRegen 0.11/turn               p - ring of positive energy
MPRegen 0.12/turn               (no ring)

@: very quick
A: very small, no large weapons, unfitting armour, see invisible, speed 3
a: no special abilities


You were on level 6 of the Dungeon.
You visited 1 branch of the dungeon, and saw 6 of its levels.

You collected 317 gold pieces.
You spent 50 gold pieces at shops.

Inventory:

Hand Weapons
 a - a +2 dagger
 m - a +1 short sword of electrocution (weapon)
Missiles
 e - 3 curare-tipped darts
 g - 18 stones
 n - 11 poisoned darts (quivered)
 s - 3 boomerangs
 w - 5 boomerangs of dispersal
Armour
 b - a +1 robe (worn)
 c - a +0 cloak (worn)
Jewellery
 p - a ring of positive energy (left hand)
 v - a ring of ice
Wands
 d - a wand of roots (6)
 u - a wand of flame (17)
Scrolls
 i - 2 scrolls of blinking
 k - a scroll of magic mapping
 q - 2 scrolls of teleportation
Potions
 f - 2 potions of brilliance
 h - 7 potions of curing
 j - 2 potions of heal wounds
 l - a potion of might
 o - 2 potions of mutation
 r - a potion of haste
 t - a potion of lignification {unknown}


   Skills:
 * Level 2.9 Fighting
 + Level 4.1 Short Blades
 + Level 3.2 Throwing
 * Level 4.1 Dodging
 * Level 10.1 Stealth
 * Level 2.5 Spellcasting
 * Level 2.0 Hexes
 * Level 2.8 Evocations


You had 8 spell levels left.
You knew the following spells:

 Your Spells              Type           Power      Damage    Failure   Level
a - Confusing Touch       Hex            6%         N/A       32%         3

Your spell library contained the following spells:

 Spells                   Type           Power      Damage    Failure   Level
 Slow                     Hex            24%        N/A       11%         1
 Freeze                   Ice            4%         1d3       26%         1
 Necrotise                Necr           4%         1d4       26%         1
 Sandblast                Erth           2%         2d4       26%         1
 Passwall                 Tmut/Erth      0%         N/A       36%         2
 Inner Flame              Hex/Fire       4%         N/A       45%         3
 Frozen Ramparts          Ice            2%         1d1       61%         3
 Stone Arrow              Conj/Erth      2%         3d7       61%         3
 Vampiric Draining        Necr           1%         2d6       61%         3
 Cause Fear               Hex            3%         N/A       73%         4
 Animate Armour           Summ/Erth      2%         N/A       95%         4
 Hailstorm                Conj/Ice       1%         3d3       95%         4
 Agony                    Necr           1%         N/A       100%        5
 Discord                  Hex            3%         N/A       100%        8
 Lehudib's Crystal Spear  Conj/Erth      0%         10d2      100%        8


Dungeon Overview and Level Annotations

Branches:
Dungeon (6/15)
 Temple: D:4-7

Altars:
Okawaru

Shops:
D:1 *


Innate Abilities, Weirdness & Mutations

You are very small and have problems with some larger weapons.
You are too small for most types of armour.
You have supernaturally acute eyesight. (SInv)
You cover ground extremely quickly. (Speed+++)


Message History

You see here an iguana corpse.
You hit the orc.
The orc is heavily wounded.
The orc misses you.
You hit the orc but do no damage.
The orc is heavily wounded.
You hit the orc wizard.
The orc wizard is moderately wounded.
The orc barely misses you.
Unknown command.
You closely miss the orc wizard.
The orc wizard is moderately wounded.
The orc wizard casts a spell at you. You resist with almost no effort.
A white imp comes into view.
The white imp shouts!
The white imp gestures at you. The puff of frost hits you!
* * * LOW HITPOINT WARNING * * *
The white imp completely misses you.
A scorpion comes into view.
The helpless scorpion fails to defend itself.
You stick the scorpion like a pincushion!!!
You kill the scorpion!
Your Hexes skill increases to level 2!
You see here a scorpion corpse.
A white imp comes into view.
The white imp moves out of view.
A white imp is nearby!
A white imp comes into view.
The white imp shouts!
You hear an angry hiss.
An iguana comes into view. x2
You hit the white imp but do no damage. The white imp completely misses you.
The white imp gestures at you. The puff of frost hits you.
* * * LOW HITPOINT WARNING * * *
Found 7 stones and a short sword.
The white imp gestures at you. The puff of frost hits you!
You die...

5##.#..#.#.# #........#
..5.#...##.# #.....l#
###.#####.. ####......#
##.# ##.####.........#
#..###.......##.55...###
#..#..†5.########.l.......
#....###......##..####....
###### #......##.###()..##
.........@......##
.#..........##### #.
.......#### .. .....## ..
.....# .... .... ...


You could see 2 iguanas and 2 white imps.

Vanquished Creatures
  Pargi (D:3)
  An ogre (D:4)
  2 scorpions
  3 orc priests (D:5)
  4 iguanas
  Natasha (thrice) (D:2)
  4 orc wizards
  10 adders
  4 gnolls
  3 worms
  A dart slug (D:5)
  24 orcs
  4 endoplasms
  2 giant cockroaches
  8 goblins
  6 hobgoblins
  9 jackals
  5 quokkas
  10 ball pythons
  5 bats
  8 frilled lizards
  7 kobolds
  8 rats
132 creatures vanquished.

Vanquished Creatures (others)
  3 fungi (D:1)
  14 plants (D:1)
17 creatures vanquished.

Grand Total: 149 creatures vanquished

Notes
Turn   | Place    | Note
-------+----------+-------------------------------------------
     0 | D:1      | styxcanada the Spriggan Brigand began the quest for the
                  | Orb.
     0 | D:1      | Reached XP level 1. HP: 10/10 MP: 2/2
    40 | D:1      | Found Deedeczi's General Store.
    46 | D:1      | Reached skill level 6 in Stealth
    76 | D:1      | Found a faded altar of an unknown god.
   117 | D:1      | Reached XP level 2. HP: 15/15 MP: 3/3
   655 | D:1      | Reached XP level 3. HP: 18/18 MP: 4/4
   940 | D:1      | Reached skill level 7 in Stealth
  1236 | D:1      | Bought a potion of curing for 30 gold pieces
  1236 | D:1      | Bought a scroll of identify for 20 gold pieces
  1408 | D:2      | Noticed Natasha
  1410 | D:2      | Killed Natasha
  1411 | D:2      | Reached XP level 4. HP: 23/23 MP: 5/5
  1869 | D:2      | Reached skill level 8 in Stealth
  1995 | D:2      | Noticed Natasha
  2015 | D:2      | Killed Natasha
  2016 | D:2      | Reached XP level 5. HP: 25/26 MP: 6/6
  2174 | D:2      | Noticed Natasha
  2207 | D:2      | Killed Natasha
  3112 | D:3      | Noticed Pargi
  3119 | D:3      | Killed Pargi
  3120 | D:3      | Reached XP level 6. HP: 32/32 MP: 6/8
  3233 | D:3      | Reached skill level 1 in Spellcasting
  3234 | D:3      | Reached skill level 9 in Stealth
  3234 | D:3      | Reached skill level 1 in Evocations
  4134 | D:4      | Learned a level 3 spell: Confusing Touch
  4382 | D:4      | Reached skill level 1 in Hexes
  4382 | D:4      | Reached XP level 7. HP: 35/35 MP: 10/10
  4982 | D:5      | Entered Level 5 of the Dungeon
  5645 | D:5      | Found an iron altar of Okawaru.
  6425 | D:6      | Reached skill level 10 in Stealth
  6494 | D:6      | Killed from afar by a white imp

Illustrated notes

Levels and vault maps discovered:
D:1:      lightli_arrival_windingriver, layout_basic, serial_shops, shop,
          dreamdust_ecumenical_altar_grove
D:2:      minmay_chambers_of_ones, layout_loops_corners, hangedman_decor_points,
          uniq_natasha
D:3:      layout_basic, kennysheep_generic_room_7, uniq_pargi
D:4:      layout_basic, hangedman_abyss_or_decor_jellyfish_corner
D:5:      layout_gridville, lemuel_tele_altar
D:6:      layout_rooms, vehumet_statue, chequers_serial_rivers_small_3,
          minmay_crystal_water, st_stairs_12, corexii_leaking_fountain,
          hangedman_abyss_or_decor_passed

Skill      XL: |  1  2  3  4  5  6  7 |
---------------+----------------------+-----
Stealth        | 6 7 8 9 10 | 10.1
Dodging        | 2 3 4 |  4.1
Fighting       | 2 |  2.9
Short Blades   | 3 4 |  4.1
Spellcasting   | 1 2 |  2.5
Evocations     | 2 |  2.8
Hexes          | 1 2 |  2.0
Throwing       | 3 |  3.2

Action                   |  1- 3 |  4- 6 |  7- 9 || total
-------------------------+-------+-------+-------++-------
Melee: Dagger            |    80 |    27 |       ||   107
       Punch             |     1 |     2 |       ||     3
       Short sword       |       |   109 |    95 ||   204
Throw: Dart              |    19 |    48 |    12 ||    79
       Stone             |       |     2 |       ||     2
Evoke: Wand              |       |     1 |       ||     1
  Use: Scroll            |     2 |     9 |     5 ||    16
 Stab: Sleeping          |     9 |    17 |     7 ||    33
       Distracted        |     2 |       |       ||     2
Armor: Robe              |    11 |    13 |     4 ||    28
Dodge: Dodged            |    53 |    88 |    65 ||   206
